Map: Lightshade LE

Players

AGOElazer (Elazer)

  • Race: Zerg Zerg
  • League: Grandmaster
  • Spawn Location: 11:00

Lambo - Winner!

  • Race: Zerg Zerg
  • League: Grandmaster
  • Spawn Location: 5:00

VOD

https://www.youtube.com/watch?v=pYqYUabGLCU&ab_channel=LamboSC2&t=1434s

Description

there's another yt for this but had the other defense link

Time

  • Played on: Jan. 22, 2021, 10:03 a.m.
  • Length: 10:24
Show
View Real Time Build Order
Export as new Build Order

AGOElazer Zerg 

Build Orders: Hatch First 

Get SALT Encoding   

  12  0:00  Drone  
  13  0:12  Overlord  
  13  0:17  Drone  
  14  0:30  Drone x2  
  16  0:47  Hatchery  
  15  0:51  Drone  
  15  0:54  Drone  
  17  0:57  Drone  
  18  1:08  Extractor  
  17  1:12  Spawning Pool  
  17  1:15  Drone  
  17  1:19  Drone  
  18  1:30  Drone  
  19  2:00  Queen, Zergling x8  
  25  2:01  Queen  
  25  2:04  Spine Crawler  
  26  2:11  Zergling x4  
  28  2:17  Baneling Nest  
  27  2:23  Zergling x2  
  27  2:26  Overlord  
  28  2:42  Zergling x6  
  24  2:46  Queen  
  26  2:54  Zergling x2  
  26  2:55  Zergling x2  
  26  2:57  Zergling x2  
  29  3:03  Metabolic Boost  
  29  3:17  Baneling x3  
  26  3:30  Baneling  
  23  3:51  Hatchery  
  23  3:54  Drone x2  
  24  4:02  Drone  
  25  4:11  Drone  
  25  4:14  Queen  
  28  4:19  Overlord  
  28  4:33  Drone  
  29  4:39  Drone  
  30  4:51  Drone  
  31  5:01  Drone  
  31  5:06  Drone  
  32  5:09  Drone x3  
  35  5:16  Drone x2  
  37  5:23  Drone  
  37  5:26  Drone  
  39  5:31  Lair  
  39  5:33  Overlord  
  39  5:35  Drone x3  
  42  5:40  Drone x2  
  42  5:42  Evolution Chamber  
  43  5:45  Drone  
  43  5:46  Roach Warren  
  43  5:47  Drone  
  44  5:51  Drone  
  44  5:52  Drone  
  46  6:05  Drone x4  
  46  6:07  Hatchery  
  46  6:08  Extractor  
  46  6:09  Zerg Missile Weapons Level 1, Extractor  
  46  6:11  Drone  
  48  6:13  Zergling x2  
  48  6:14  Zergling x2  
  48  6:17  Zergling x2  
  51  6:21  Overlord  
  50  6:28  Overlord  
  50  6:30  Drone  
  51  6:33  Glial Reconstitution, Overlord  
  51  6:38  Overlord  
  51  6:39  Overseer  
  51  6:40  Drone  
  51  6:44  Baneling  
  51  6:45  Baneling  
  51  6:46  Drone x2  
  54  6:50  Drone x3  
  54  6:53  Drone x2  
  59  7:01  Drone x4  
  59  7:05  Drone x3  
  59  7:08  Overlord  
  66  7:16  Roach x2  
  66  7:22  Roach  
  72  7:28  Roach x2  
  76  7:32  Roach x4  
  76  7:35  Roach x3  
  90  7:39  Roach  
  90  7:43  Overlord, Extractor  
  90  7:44  Extractor  
  90  7:45  Roach  
  90  7:51  Nydus Network  
  90  7:52  Roach, Tunneling Claws  
  90  7:55  Drone x3  
  90  7:57  Roach  
  90  7:58  Overlord  
  97  8:01  Overlord  
  97  8:03  Zerg Missile Weapons Level 2  
  97  8:11  Drone  
  97  8:12  Drone x6  
  104  8:17  Overlord  
  104  8:18  Drone  
  105  8:21  Hatchery  
  105  8:22  Extractor  
  105  8:25  Roach x3  
  109  8:33  Roach x4  
  107  8:42  Roach x3  
  107  8:44  Nydus Canal  
  107  8:48  Roach x4  
  115  8:51  Roach x2  
  115  8:54  Roach x2  
  123  9:01  Roach x3  
  127  9:13  Roach x4  
  122  9:18  Roach x3  
  126  9:24  Roach x2  
  126  9:28  Overlord  
  126  9:29  Overlord  
  130  9:35  Roach x3  
  136  9:48  Roach x8  
  150  10:02  Overlord  
  150  10:03  Overlord  
Show
View Real Time Build Order
Export as new Build Order

Lambo Zerg - Winner!

Build Orders: 1 Base Baneling Bust, Pool First 

Get SALT Encoding   

  12  0:13  Extractor  
  11  0:19  Spawning Pool  
  10  0:24  Drone  
  11  0:30  Drone  
  11  0:34  Drone  
  13  0:46  Overlord  
  13  1:07  Zergling x6  
  16  1:14  Metabolic Boost  
  17  1:18  Zergling x2  
  17  1:29  Zergling x2  
  18  1:36  Baneling Nest  
  18  1:39  Zergling x2  
  18  1:50  Zergling x2  
  19  1:59  Queen  
  21  2:02  Zergling x2  
  22  2:13  Overlord  
  22  2:20  Baneling x2  
  22  2:25  Baneling  
  22  2:40  Zergling x2  
  22  2:41  Zergling x2  
  22  2:45  Baneling x2  
  22  2:50  Zergling x2  
  23  2:55  Drone  
  24  3:04  Baneling  
  25  3:05  Drone  
  25  3:15  Baneling  
  25  3:18  Drone  
  26  3:26  Drone x3  
  27  3:39  Drone  
  23  3:44  Hatchery  
  23  3:46  Zergling x2  
  22  3:57  Drone  
  22  3:58  Drone  
  22  4:00  Zergling x4  
  26  4:06  Drone  
  27  4:11  Queen  
  29  4:20  Evolution Chamber  
  29  4:21  Drone  
  29  4:27  Drone  
  30  4:33  Overlord  
  30  4:50  Zerg Ground Armor Level 1  
  30  4:51  Drone  
  30  4:53  Overlord  
  30  4:56  Drone x2  
  30  4:57  Drone  
  33  5:00  Drone  
  33  5:03  Drone  
  35  5:09  Drone  
  35  5:11  Overlord  
  36  5:15  Drone  
  37  5:21  Drone  
  37  5:25  Drone x2  
  40  5:30  Drone x3  
  40  5:32  Drone  
  44  5:47  Hatchery  
  43  5:50  Drone  
  43  5:55  Roach Warren  
  43  5:56  Baneling, Drone  
  44  5:58  Zergling x2  
  44  5:59  Zergling x6  
  44  6:04  Drone x2  
  50  6:05  Drone  
  50  6:07  Extractor  
  50  6:08  Zergling x2  
  50  6:09  Zergling x2  
  52  6:22  Drone x3  
  55  6:26  Drone x4  
  55  6:27  Lair  
  55  6:29  Extractor  
  58  6:33  Drone x2  
  58  6:35  Overlord  
  59  6:40  Overlord  
  59  6:45  Zerg Missile Weapons Level 1  
  59  6:50  Drone  
  59  6:52  Queen  
  62  6:54  Drone x3  
  62  6:55  Drone x2  
  62  6:58  Drone  
  68  7:02  Roach x3  
  68  7:05  Roach  
  68  7:06  Roach  
  78  7:11  Extractor  
  78  7:12  Roach x2  
  81  7:20  Overlord  
  81  7:21  Overlord x2  
  81  7:25  Overlord  
  81  7:27  Drone  
  82  7:30  Glial Reconstitution  
  82  7:36  Overlord  
  82  7:38  Overlord  
  82  7:42  Roach x4  
  90  7:46  Overlord  
  90  7:49  Drone  
  90  7:50  Overseer  
  91  7:52  Drone x3  
  91  7:53  Drone  
  91  7:55  Pneumatized Carapace  
  91  7:56  Extractor x2  
  91  7:58  Drone x2  
  94  8:01  Drone x3  
  94  8:03  Roach x2, Drone  
  94  8:05  Ravager x3  
  105  8:07  Drone x2  
  107  8:14  Roach  
  107  8:17  Roach x2  
  113  8:25  Drone  
  113  8:26  Overlord  
  114  8:30  Roach x4  
  114  8:32  Roach x2  
  107  8:43  Drone x6  
  107  8:44  Queen  
  114  8:48  Drone  
  114  8:55  Roach x2  
  118  8:56  Ravager  
  118  8:59  Roach x4  
  127  9:04  Roach  
  127  9:06  Roach  
  116  9:11  Roach  
  116  9:14  Overseer  
  116  9:15  Roach  
  116  9:20  Roach x6  
  116  9:22  Roach  
  129  9:24  Roach  
  129  9:26  Ravager  
  129  9:29  Roach x2  
  136  9:32  Roach  
  138  9:40  Overlord x2  
  138  9:45  Overlord  
  138  9:49  Overlord  
  138  10:02  Roach x8  
Tags
 
Add a new tag
Caveats
  • Supply blocks, unpowered buildings, or Contaminate may cause inaccurate times.
  • Supply counts are checked every 10 seconds.